 Dungeon Crawl Stone Soup version 0.28-a0-401-ge240ad9e29 (webtiles) character file.

Game seed: 5269089560286273400

32 Sedgwick the Skirmisher (level 3, 28/29 HPs)
             Began as a Human Fighter on Sept 4, 2021.
             Quit the game on level 1 of the Dungeon.
             The game lasted 00:04:11 (504 turns).

Sedgwick the Skirmisher (Human Fighter)              Turns: 504, Time: 00:04:12

Health: 28/29      AC:  6    Str: 17    XL:     3   Next: 45%
Magic:  3/3        EV:  9    Int:  8    God:
Gold:   9          SH:  4    Dex: 12    Spells: 2/2 levels left

rFire   . . .      SeeInvis .   a - +0 war axe
rCold   . . .      Faith    .   c - +0 buckler
rNeg    . . .      Spirit   .   b - +0 scale mail
rPois   .          Reflect  .   (no helmet)
rElec   .          Harm     .   (no cloak)
rCorr   .          Rampage  .   (no gloves)
Will    .....                   (no boots)
Stlth   ..........              (no amulet)
HPRegen 0.09/turn               (no ring)
MPRegen 0.08/turn               (no ring)

@: no status effects
A: no striking features
a: no special abilities


You were on level 1 of the Dungeon.
You visited 1 branch of the dungeon, and saw 2 of its levels.

You collected 9 gold pieces.

Inventory:

Hand Weapons
 a - a +0 war axe (weapon)
Missiles
 j - 3 javelins (quivered)
Armour
 b - a +0 scale mail (worn)
 c - a +0 buckler (worn)
Jewellery
 e - a ring of willpower
Scrolls
 f - a scroll of fear {unknown}
 g - a scroll of teleportation {unknown}
Potions
 d - a potion of might
 h - 3 potions of brilliance {unknown}
 i - a potion of haste {unknown}


   Skills:
 + Level 3.5 Fighting
 + Level 2.3 Axes
 + Level 3.3 Armour
 + Level 3.2 Shields


You had 2 spell levels left.
You didn't know any spells.
Your spell library was empty.

Dungeon Overview and Level Annotations

Branches:
Dungeon (2/15)

Altars:


Message History

You hit the kobold.
You kill the kobold!
You see here a +0 dagger.
As you open the door, it creaks loudly!
There is an open door here.
You enter the shallow water.
Moving in this stuff is going to be slow.
You open the door.
There is an open door here.
A quokka comes into view.
You hit the quokka but do no damage. You block the quokka's attack.
You closely miss the quokka.
The quokka bites you but does no damage. x2
You barely miss the quokka. The quokka closely misses you.
The quokka barely misses you.
You closely miss the quokka. The quokka completely misses you.
The quokka barely misses you.
You barely miss the quokka.
The quokka bites you but does no damage.
You hit the quokka but do no damage. You block the quokka's attack.
The quokka barely misses you.
You barely miss the quokka.
The quokka bites you but does no damage.
You block the quokka's attack.
You miss the quokka. The quokka closely misses you.
You slash the quokka!
You kill the quokka!
You see here a quokka corpse.
A rat comes into view.
You hit the rat.
You kill the rat!
A kobold comes into view. It is wielding a +0 short sword.
You hit the kobold.
You kill the kobold!
Things that are here:
a +0 short sword; a kobold corpse The bat hits you but does no damage.
You slash the bat!
You kill the bat!
Are you sure you want to abandon this character and quit the game? (Confirm with "yes".)

........ #.#.#### #.
#.#.# .## #. ..#
#.#.# ...# #. ..#
....# ....##. ..#
#.### .....#. #.#
#... .......######
#.# ..#.
............# #.# .#
# .......@.##.# ##.##
# # ...#####.##.#
#...# .. ##...#.#
###.#†#### ...
##....).# #...#...##
...
#.......###.#####...
..#
#.............#...##
.........#####.#.####
####.....## ...
##...## ##.##


There were no monsters in sight!

Vanquished Creatures
  An adder (D:2)
  A dart slug (D:1)
  2 ball pythons (D:2)
  2 bats (D:1)
  An endoplasm (D:1)
  A giant cockroach (D:2)
  2 kobolds (D:1)
  2 quokkas
  A frilled lizard (D:1)
  4 goblins (D:1)
  2 rats (D:1)
19 creatures vanquished.

Notes
Turn   | Place    | Note
-------+----------+-------------------------------------------
     0 | D:1      | Sedgwick the Human Fighter began the quest for the Orb.
     0 | D:1      | Reached XP level 1. HP: 18/18 MP: 1/1
    82 | D:1      | Reached XP level 2. HP: 23/24 MP: 2/2
   196 | D:1      | You fall into a shaft and drop 1 floor!
   225 | D:2      | Reached XP level 3. HP: 17/29 MP: 3/3
   504 | D:1      | Quit the game

Illustrated notes

Levels and vault maps discovered:
D:1:      mrwooster_arrival_statue_3, layout_loops_ring,
          dreamdust_ecumenical_altar_angels_and_demons, minmay_liquid_box,
          minmay_pentomino_v2
D:2:      layout_basic, kennysheep_generic_room_4

Action                   || total
-------------------------++-------
Melee: War axe           ||    61
Armor: Scale mail        ||    29
Dodge: Dodged            ||    29
Block: Buckler           ||    18

Table legend: (Time is in decaauts)
 A = Elapsed time spent in this place.
 B = Non-inter-level travel time spent in this place.
 C = Inter-level travel time spent in this place.
 D = Time resting spent in this place.
 E = Time spent auto-exploring this place.
 F = Levels seen in this place.
 G = Mean time per level.
                   A        B        C        D        E       F      G
               +--------+--------+--------+--------+--------+-----+--------+
         Total |    531 |    531 |      0 |    127 |      0 |   2 |  265.5 |
       Dungeon |    531 |    531 |      0 |    127 |      0 |   2 |  265.5 |
               +--------+--------+--------+--------+--------+-----+--------+

Top non-repeatable levels by time:
     D:1: 332 daAuts
     D:2: 198 daAuts
